 Dungeon Crawl Stone Soup version 0.32-a0-450-g080537f31e (webtiles) character file.

Game seed: 12235174745128574488

33080 Strat the Severer (level 13, -3/124 HPs)
             Began as a Mountain Dwarf Fighter on Feb 23, 2024.
             Was a High Priest of Okawaru.
             Slain by Rupert
             ... wielding a +3 great mace of holy wrath
              (32 damage)
             ... on level 3 of the Lair of Beasts.
             The game lasted 00:38:05 (20144 turns).

Strat the Severer (Mountain Dwarf Fighter)         Turns: 20144, Time: 00:38:06

Health: -3/124     AC: 23    Str: 28    XL:     13   Next: 34%
Magic:  18/18      EV:  7    Int: 11    God:    Okawaru [*****.]
Gold:   923        SH: 10    Dex:  9    Spells: 8/12 levels left

rFire   . . .        a - +1 war axe (flame)
rCold   . . .        r - +0 kite shield
rNeg    . . .        g - +0 plate armour
rPois   .            (no helmet)
rElec   .            d - +1 cloak
rCorr   .            w - +1 pair of gloves
SInv    .            (no boots)
Will    +....        (no amulet) Stlth
                     k - +6 ring of strength
HPRegen 0.40/turn    m - +4 ring of protection
MPRegen 0.16/turn

%: no passive effects
@: about to teleport
A: runic magic, artefact enchanting
a: Renounce Religion, Heroism, Finesse, Duel


You were on level 3 of the Lair of Beasts.
You worshipped Okawaru.
Okawaru was extremely pleased with you.
You visited 4 branches of the dungeon, and saw 19 of its levels.
You also visited: Gauntlet.

You collected 923 gold pieces.

Inventory:

Hand Weapons
 a - a +1 war axe of flaming (weapon)
Missiles
 n - 3 curare-tipped darts (quivered)
 t - 3 throwing nets
 J - 7 silver javelins
 O - 5 javelins
 Q - 2 darts of dispersal
Armour
 d - a +1 cloak (worn)
 g - a +0 plate armour (worn)
 r - a +0 kite shield (worn)
 w - a +1 pair of gloves (worn)
 I - the +2 pair of gloves of Disguise {*Slow rC++ rN+ Int+2}
   (You found it in a Gauntlet)

   Int+2:     It affects your intelligence (+2).
   rC++:      It greatly protects you from cold.
   rN+:       It protects you from negative energy.
   *Slow:     It may slow you when you take damage.
Magical Staves
 K - the staff "Xaal" {Will+ Str+3 Stlth+ Earth}
   (You took it off a minotaur in a Gauntlet)

   [staff of earth]

   Base accuracy: +5 Base damage: 5 Base attack delay: 1.2 This weapon's minimum
   attack delay (0.6) is reached at skill level 12.
   Str+3:     It affects your strength (+3).
   Will+:     It increases your willpower.
   Stlth+:    It makes you more stealthy.
   Earth:     It increases the power of your Earth spells.
   It falls into the 'Staves' category.
   It is a one-handed weapon.
Jewellery
 k - a +6 ring of strength (left hand)
 m - a +4 ring of protection (right hand)
 p - a ring of ice
 v - a ring of fire
 y - a ring of fire
 B - a +6 ring of strength
 D - a ring of see invisible
 G - the ring "Omyeckabo" {rN+ Int+6 Dex+3}
   (You found it in a Gauntlet)

   [ring of positive energy]

   Int+6:     It affects your intelligence (+6).
   Dex+3:     It affects your dexterity (+3).
   rN+:       It protects you from negative energy.
 H - a ring of protection from fire
 R - an amulet of magic regeneration
Wands
 u - a wand of acid (7)
 F - a wand of mindburst (3)
Scrolls
 j - 5 scrolls of amnesia
 q - 3 scrolls of revelation
 s - 2 scrolls of identify
 A - a scroll of enchant armour
 C - 2 scrolls of immolation
Potions
 e - a potion of cancellation
 f - 2 potions of magic
 i - 5 potions of enlightenment
 l - 2 potions of attraction
 o - 2 potions of degeneration
 x - 4 potions of lignification
 z - 3 potions of mutation
 E - a potion of haste
Miscellaneous
 L - a lightning rod (4/4)


   Skills:
 - Level 14.1 Fighting
 - Level 16.0 Axes
 - Level 10.0 Armour
 - Level 10.0 Shields
 + Level 6.8 Invocations
 + Level 5.6 Evocations


You had 8 spell levels left.
You knew the following spells:

 Your Spells              Type           Power      Damage    Failure   Level
a - Sticky Flame          Fire/Alch      0%         2d4       100%        4

Your spell library contained the following spells:

 Spells                   Type           Power      Damage    Failure   Level
 Foxfire                  Conj/Fire      0%         2x1d4     67%         1
 Scorch                   Fire           0%         2d5       82%         2
 Hailstorm                Conj/Ice       0%         3d5       96%         3
 Dimensional Bullseye     Hex/Tloc       0%         N/A       100%        4
 Flame Wave               Conj/Fire      0%         2d4       100%        4
 Ignite Poison            Fire/Alch      0%         N/A       100%        4
 Iskenderun's Mystic Bla  Conj/Tloc      0%         2d3       100%        4
 Plasma Beam              Fire/Air       0%         2x1d10    100%        6
 Starburst                Conj/Fire      0%         6d3       100%        6
 Ignition                 Fire           0%         3d3       100%        8
 Summon Ice Beast         Ice/Summ       Unusable   N/A       N/A         3
 Tukima's Dance           Hex            Unusable   N/A       N/A         3
 Sculpt Simulacrum        Ice/Alch       Unusable   N/A       N/A         6
 Summon Cactus Giant      Summ           Unusable   N/A       N/A         6

Dungeon Overview and Level Annotations

Branches:
Dungeon (13/15)            Temple (1/1) D:4            Lair (4/5) D:10
 Shoals (0/4) Lair:2          Orc (1/2) D:12        Gauntlet (visited)
  Snake: Lair:2-3    Spider: Lair:2-3     Slime: Lair:4-5    Vaults: D:13-14

Altars:
Ashenzari
Cheibriados
Dithmenos
Elyvilon
Fedhas
Gozag
Hepliaklqana
Kikubaaqudgha
Makhleb
Nemelex Xobeh
Okawaru
Qazlal
Ru
Sif Muna
Trog
Uskayaw
Vehumet
Wu Jian
Xom
Yredelemnul
Zin
The Shining One

Shops:
D:2 [   D:6 [

Portals:
Abyss: D:7

Annotations:
D:3 Sigmund
D:4 2 transporters, chuckh07's ghost, weakling DsIE
D:7 2 transporters, gosagan's ghost, novice DsFi
D:8 Jeremiah
D:10 1 runed translucent door, audacious124's ghost, journeyman MDMo
Lair:3 Rupert; Urug


Innate Abilities, Weirdness & Mutations

Your spellcasting is much less encumbered by armour.
You can use scrolls of enchantment on lesser artefacts.


Message History

You slash the cane toad! You burn the cane toad.
The cane toad is moderately wounded.
You block the cane toad's attack.
You closely miss the cane toad.
The cane toad is moderately wounded.
The cane toad stings you but does no damage.
You hit the cane toad. You burn the cane toad.
The cane toad is heavily wounded.
The cane toad stings you but does no damage.
You closely miss the cane toad.
The cane toad is heavily wounded.
You block the cane toad's attack.
You closely miss the cane toad.
The cane toad is heavily wounded.
The cane toad stings you but does no damage.
You slash the cane toad! You burn the cane toad.
The cane toad is almost dead.
You barely miss the cane toad.
The cane toad is almost dead.
The cane toad stings you but does no damage.
You hit the cane toad. You burn the cane toad.
The cane toad is almost dead.
The cane toad stings you but does no damage.
You slash the cane toad! You burn the cane toad.
You kill the cane toad!
Okawaru accepts your kill.
Rupert the Wild comes into view.
He is wielding a +3 great mace of holy wrath.
Rupert shouts!
You hear an angry hiss.
You hear a loud, deep croak!
Rupert roars madly and goes into a rage!
Rupert goes berserk!
As you read the scroll of teleportation, it crumbles to dust.
You feel strangely unstable. Rupert attacks as he pursues you!
Rupert hits you with a +3 great mace of holy wrath!!
* * * LOW HITPOINT WARNING * * *
Rupert hits you with a +3 great mace of holy wrath!!
* * * LOW HITPOINT WARNING * * *
Rupert hits you with a +3 great mace of holy wrath!!
You die...
Rupert roars with triumph.

..P#...........
#.P............
.............
......... #....# #.#
#.## #####@.#
..###.#.#@##
.........# ###.....##
.... #.......#
...####### #......##
..P#P#[#.# ##.....#
......>....#
#.....####...#+......#
#......# ....#........
##......#
#...........#


You could see Rupert (berserk).

Vanquished Creatures
  A minotaur (Gauntlet)
  A hydra (Lair:3)
  Harold (D:10)
  5 two-headed ogres
  2 boulder beetles (Lair:1)
  5 death yaks
  A skyshark (Lair:2)
  Pikel (D:9)
  A lindwurm (Lair:2)
  An ugly thing (D:12)
  A manticore (D:12)
  A salamander (Lair:3)
  A torpor snail (Lair:2)
  Maggie (D:8)
  9 cane toads
  An unseen horror (D:12)
  2 rime drakes
  4 komodo dragons
  Psyche (D:9)
  4 trolls
  A polar bear (Lair:1)
  A polar bear (shapeshifter) (D:9)
  12 blink frogs
  Prince Ribbit (D:7)
  4 dream sheep (Lair:3)
  3 wraiths
  2 shadows (D:11)
  3 wyverns
  23 yaks
  A basilisk (Lair:2)
  2 steam dragons
  8 vampire mosquitoes (D:12)
  Menkaure (D:4)
  A harpy simulacrum (D:12)
  3 acid dragons
  5 water moccasins
  Duvessa (D:7)
  6 orc warriors
  An ogre (Orc:1)
  6 wolves (Lair:1)
  8 centaurs
  2 lemures (D:9)
  3 boggarts (D:11)
  2 phantoms (D:5)
  4 kobold brigands
  9 bullfrogs
  A scorpion (D:7)
  4 wights (D:8)
  Dowan (D:7)
  14 killer bees
  5 howler monkeys
  A jelly (D:7)
  2 bombardier beetles
  A sleepcap (D:6)
  7 orc priests
  A gnoll bouda (D:7)
  2 hounds
  Jessica (D:3)
  3 iguanas
  10 orc wizards
  5 hell rats (Lair:1)
  11 gnolls
  8 adders
  A shadow imp (D:7)
  3 white imps
  2 dart slugs
  5 ribbon worms (D:2)
  37 orcs
  8 ball pythons
  A bat (D:3)
  7 endoplasms
  4 giant cockroaches
  7 goblins
  7 hobgoblins
  6 jackals
  5 quokkas
  5 frilled lizards
  22 kobolds
  8 rats
362 creatures vanquished.

Vanquished Creatures (others)
  2 kobolds (D:9)
2 creatures vanquished.

Grand Total: 364 creatures vanquished

Notes
Turn   | Place    | Note
-------+----------+-------------------------------------------
     0 | D:1      | Strat the Mountain Dwarf Fighter began the quest for the
                  | Orb.
     0 | D:1      | Reached XP level 1. HP: 19/19 MP: 1/1
    43 | D:1      | Reached skill level 3 in Axes
    80 | D:1      | Reached XP level 2. HP: 13/26 MP: 2/2
   295 | D:1      | Reached skill level 4 in Axes
   714 | D:2      | Reached XP level 3. HP: 30/31 MP: 3/3
  1039 | D:2      | Reached skill level 5 in Axes
  1420 | D:2      | Found Jianicos's Antique Armour Shoppe.
  1742 | D:3      | Reached XP level 4. HP: 37/38 MP: 4/4
  1784 | D:3      | Noticed Jessica
  1790 | D:3      | Killed Jessica
  1914 | D:3      | Reached skill level 6 in Axes
  2150 | D:3      | Reached XP level 5. HP: 40/45 MP: 5/5
  2240 | D:3      | Noticed Sigmund
  2901 | D:3      | Reached skill level 7 in Axes
  3547 | D:4      | Noticed Menkaure
  3554 | D:4      | Killed Menkaure
  3555 | D:4      | Reached XP level 6. HP: 29/52 MP: 6/6
  3639 | D:4      | Found a staircase to the Ecumenical Temple.
  3683 | Temple   | Entered the Ecumenical Temple
  3688 | Temple   | Became a worshipper of Warmaster Okawaru
  3799 | D:4      | Identified the +1 quarterstaff "Retyhyna" {drain, ^Drain
                  | rCorr Int+3}
  3822 | D:4      | Found a transporter.
  3826 | D:4      | Noticed chuckh07's ghost (weakling DsIE)
  3827 | D:4      | Found a transporter.
  4018 | D:5      | Entered Level 5 of the Dungeon
  4027 | D:4      | Reached skill level 8 in Axes
  4587 | D:5      | Reached XP level 7. HP: 60/60 MP: 7/7
  4603 | D:5      | Learned a level 4 spell: Sticky Flame
  4644 | D:5      | Reached * piety under Okawaru
  4645 | D:5      | Reached skill level 9 in Axes
  4794 | D:5      | Reached skill level 5 in Fighting
  5650 | D:6      | Reached skill level 10 in Axes
  5803 | D:6      | Reached XP level 8. HP: 36/70 MP: 8/8
  6264 | D:6      | Upgraded the game from 0.32-a0-433-g08bcfe7efd to
                  | 0.32-a0-450-g080537f31e
  6569 | D:6      | Found Eprawaurei's Antique Armour Boutique.
  6712 | D:7      | Found a transporter.
  6844 | D:7      | Noticed gosagan's ghost (novice DsFi)
  6892 | D:7      | Reached skill level 11 in Axes
  6892 | D:7      | Noticed Prince Ribbit
  6921 | D:7      | Killed Prince Ribbit
  6921 | D:7      | Reached ** piety under Okawaru
  7002 | D:7      | Noticed a toenail golem
  7084 | D:7      | Found a one-way gate to the infinite horrors of the Abyss.
  7192 | D:7      | Reached skill level 12 in Axes
  7266 | D:7      | Found a transporter.
  7351 | D:7      | Reached XP level 9. HP: 75/79 MP: 9/9
  7487 | D:7      | Noticed Duvessa
  7498 | D:7      | Killed Duvessa
  7498 | D:7      | Reached *** piety under Okawaru
  7560 | D:7      | Noticed Dowan
  7579 | D:7      | Killed Dowan
  7726 | D:8      | Noticed Maggie
  7742 | D:8      | Killed Maggie
  7743 | D:8      | Reached skill level 13 in Axes
  8478 | D:8      | Noticed Jeremiah
  8591 | D:8      | Noticed a two-headed ogre
  9089 | D:8      | Killed a two-headed ogre
  9089 | D:8      | Reached **** piety under Okawaru
  9090 | D:8      | Reached skill level 14 in Axes
  9692 | D:8      | Reached XP level 10. HP: 61/91 MP: 10/10
  9985 | D:9      | Found a radiant altar of Vehumet.
 10229 | D:9      | Noticed Psyche
 10264 | D:9      | Killed Psyche
 10428 | D:9      | Noticed Pikel
 10515 | D:9      | Killed Pikel
 10516 | D:9      | Reached skill level 15 in Axes
 10917 | D:9      | Reached ***** piety under Okawaru
 10918 | D:9      | Reached skill level 10 in Fighting
 10918 | D:9      | Reached skill level 5 in Armour
 11378 | D:10     | Entered Level 10 of the Dungeon
 11477 | D:10     | Noticed a two-headed ogre
 11681 | D:10     | Killed a two-headed ogre
 11682 | D:10     | Reached skill level 16 in Axes
 11720 | D:10     | Noticed Harold
 11790 | D:10     | Found a runed translucent door.
 11790 | D:10     | Noticed audacious124's ghost (journeyman MDMo)
 11871 | D:10     | Killed Harold
 11871 | D:10     | Received a gift from Okawaru
 11872 | D:10     | Reached XP level 11. HP: 82/99 MP: 8/11
 11933 | D:10     | Found a staircase to the Lair.
 12341 | D:11     | Noticed a two-headed ogre
 12341 | D:11     | Found a shimmering blue altar of Sif Muna.
 12531 | Lair:1   | Entered Level 1 of the Lair of Beasts
 12635 | D:11     | Killed a two-headed ogre
 13381 | D:11     | Noticed a two-headed ogre
 13400 | D:11     | Killed a two-headed ogre
 14027 | D:11     | Reached skill level 10 in Armour
 14159 | D:12     | Found a gate leading to a gauntlet.
 14162 | Gauntlet | Entered a Gauntlet
 14162 | Gauntlet | Found a transporter.
 14169 | Gauntlet | Found a transporter.
 14171 | Gauntlet | Found a transporter.
 14175 | Gauntlet | Noticed an oklob plant
 14182 | Gauntlet | Found a transporter.
 14185 | Gauntlet | Found a transporter.
 14189 | Gauntlet | Noticed a dire elephant
 14196 | Gauntlet | Found a transporter.
 14212 | Gauntlet | Found a transporter.
 14223 | Gauntlet | Found a transporter.
 14230 | Gauntlet | Found a runed translucent door.
 14236 | Gauntlet | Found a transporter.
 14250 | Gauntlet | Found a transporter.
 14265 | Gauntlet | Found a transporter.
 14265 | Gauntlet | Found a transporter.
 14304 | Gauntlet | Noticed an entropy weaver
 14306 | Gauntlet | Found a transporter.
 14330 | Gauntlet | Found a transporter.
 14419 | Gauntlet | Noticed a deep elf pyromancer
 14419 | Gauntlet | Noticed a deep elf knight
 14421 | Gauntlet | Noticed a deep elf zephyrmancer
 14421 | Gauntlet | Noticed a deep elf zephyrmancer
 14425 | Gauntlet | Identified the ring "Omyeckabo" {rN+ Int+6 Dex+3}
 14566 | Gauntlet | Identified the +2 pair of gloves of Disguise {*Slow rC++
                  | rN+ Int+2}
 14725 | Gauntlet | Identified the staff "Xaal" {Will+ Str+3 Stlth+ Earth}
 14725 | Gauntlet | Noticed a minotaur
 14898 | Gauntlet | Killed a minotaur
 14898 | Gauntlet | Received a gift from Okawaru
 14899 | Gauntlet | Reached skill level 5 in Shields
 15094 | D:12     | Noticed a white ugly thing
 15131 | D:12     | Killed a white ugly thing
 15490 | D:12     | Found a staircase to the Orcish Mines.
 16258 | D:13     | Noticed a skeletal warrior
 16258 | D:13     | Noticed a skeletal warrior
 16258 | D:13     | Noticed a skeletal warrior
 16300 | Orc:1    | Entered Level 1 of the Orcish Mines
 16314 | Orc:1    | Received a gift from Okawaru
 16315 | Orc:1    | Reached XP level 12. HP: 83/110 MP: 12/12
 16377 | Orc:1    | Noticed a two-headed ogre
 16397 | Orc:1    | Killed a two-headed ogre
 17177 | Lair:1   | Noticed a boulder beetle
 17201 | Lair:1   | Noticed a boulder beetle
 17203 | Lair:1   | Killed a boulder beetle
 17203 | Lair:1   | Received a gift from Okawaru
 17285 | Lair:1   | Killed a boulder beetle
 18149 | Lair:1   | Noticed a death yak
 18149 | Lair:1   | Noticed a death yak
 18192 | Lair:1   | Noticed a death yak
 18194 | Lair:1   | Noticed a death yak
 18195 | Lair:1   | Killed a death yak
 18196 | Lair:1   | Noticed a death yak
 18222 | Lair:1   | Killed a death yak
 18223 | Lair:1   | Reached skill level 10 in Shields
 18236 | Lair:1   | Killed a death yak
 18244 | Lair:1   | Killed a death yak
 18758 | Lair:2   | Reached skill level 1 in Invocations
 18761 | Lair:2   | Reached skill level 1 in Evocations
 18866 | Lair:2   | Killed a death yak
 18866 | Lair:2   | Received a gift from Okawaru
 19082 | Lair:2   | Reached XP level 13. HP: 109/124 MP: 15/15
 19146 | Lair:2   | Found a staircase to the Shoals.
 19764 | Lair:2   | You fall into a shaft and drop 2 floors!
 19779 | Lair:4   | Reached skill level 5 in Invocations
 19823 | Lair:3   | Noticed Urug
 20042 | Lair:3   | Reached skill level 5 in Evocations
 20139 | Lair:3   | Noticed Rupert
 20144 | Lair:3   | Slain by Rupert

Illustrated notes

Levels and vault maps discovered:
D:1:      dpeg_arrival_houses_and_road, layout_basic
D:2:      layout_loops_corners, serial_shops, nicolae_shop_peninsula,
          minmay_tetromino_o2
D:3:      minmay_chambers_of_threes, layout_basic, uniq_jessica, uniq_sigmund
D:4:      layout_loops_ring, temple_pool_b, gammafunk_ghost_mausoleum,
          uniq_menkaure
D:5:      layout_cave_pools, serial_bayou_lake_a
D:6:      layout_rooms, serial_shops, nicolae_shop_back_alley_shop,
          chequers_mini_garden, kennysheep_generic_room_13
D:7:      layout_basic, gammafunk_ghost_abyssal_escape, uniq_prince_ribbit1,
          uniq_duvessa
D:8:      layout_basic, uniq_maggie, uniq_jeremiah
D:9:      layout_irregular_city, nicolae_vehumet_altar_sigil, uniq_pikel,
          uniq_psyche
D:10:     layout_cave_pools, lair_entry_dummy, hellmonk_ghost_happy_afterlife,
          uniq_harold
D:11:     layout_irregular_city, nicolae_sif_muna_condensation
D:12:     layout_roguey, david_orc_3, gauntlet_entry_generic,
          columned_hall_lemuel
D:13:     layout_grid_maze, david_vaults_4, uniq_josephine
Temple:   grunt_wide_crystal_templ
Lair:1:   hellmonk_destroyed_diamonds, layout_cave_pods, grunt_megastairs_4
Lair:2:   layout_cellular_growth, minmay_shoals_entry_centaurs
Lair:3:   layout_chaotic_city, nicolae_snake_entry_warm_welcome, uniq_snorg,
          uniq_rupert, uniq_urug
Lair:4:   layout_misc_corridors, slime_entry_2, uniq_sonja
Orc:1:    layout_caves, serial_shops, shop, elves_outpost_lemuel

Skill      XL: |  1  2  3  4  5  6  7  8  9 10 11 12 13 |
---------------+----------------------------------------+-----
Axes           | 3 4 5 6 7 8 10 12 14 16 | 16.0
Fighting       | 4 5 7 9 10 11 14 | 14.1
Armour         | 7 10 | 10.0
Shields        | 6 10 | 10.0
Invocations    | 2 6 |  6.8
Evocations     | 2 5 |  5.6

Action                     |  1- 3 |  4- 6 |  7- 9 | 10-12 | 13-15 || total
---------------------------+-------+-------+-------+-------+-------++-------
  Melee: War axe           |   163 |   184 |   404 |   869 |   194 ||  1814
  Throw: Dart              |       |       |       |     1 |       ||     1
 Invoke: Heroism           |       |       |     1 |     8 |       ||     9
  Evoke: Wand              |       |       |    12 |    11 |     2 ||    25
    Use: Potion            |       |     2 |     5 |     8 |       ||    15
         Scroll            |       |    12 |     4 |     4 |     4 ||    24
   Stab: Invisible         |       |       |       |     1 |       ||     1
 Armour: Scale mail        |   107 |    29 |       |       |       ||   136
         Chain mail        |       |   107 |   248 |       |       ||   355
         Plate armour      |       |       |   125 |   699 |   155 ||   979
  Dodge: Dodged            |    70 |    60 |   122 |   259 |    42 ||   553
  Block: Buckler           |    26 |    29 |    69 |    63 |       ||   187
         Kite shield       |       |       |       |   207 |    78 ||   285

Table legend: (Time is in decaauts)
 A = Elapsed time spent in this place.
 B = Non-inter-level travel time spent in this place.
 C = Inter-level travel time spent in this place.
 D = Time resting spent in this place.
 E = Time spent auto-exploring this place.
 F = Levels seen in this place.
 G = Mean time per level.
                   A        B        C        D        E       F      G
               +--------+--------+--------+--------+--------+-----+--------+
         Total |  20049 |  19328 |    721 |   4892 |   9252 |  20 | 1002.5 |
       Dungeon |  15432 |  14716 |    716 |   3665 |   7465 |  13 | 1187.1 |
        Temple |     10 |      6 |      4 |      0 |      0 |   1 |   10.0 |
          Lair |   3491 |   3490 |      1 |    608 |   1625 |   4 |  872.8 |
  Orcish Mines |    211 |    211 |      0 |     88 |     44 |   1 |  211.0 |
      Gauntlet |    902 |    902 |      0 |    530 |    118 |   1 |  902.0 |
               +--------+--------+--------+--------+--------+-----+--------+

Top non-repeatable levels by time:
  Lair:1: 1986 daAuts
     D:8: 1874 daAuts
     D:9: 1760 daAuts
    D:11: 1684 daAuts
     D:2: 1381 daAuts
     D:5: 1332 daAuts
     D:3: 1267 daAuts
     D:7: 1257 daAuts
    D:12: 1221 daAuts
  Lair:2: 1147 daAuts
     D:4: 1055 daAuts
     D:6: 1037 daAuts
Gauntlet: 902 daAuts
    D:10: 871 daAuts
     D:1: 685 daAuts
